AoeStats
← Gesius

Arabia

510895669Analyzed
1v1 RM · 13h ago on Oct 3, 2026· 17m 4s· 2 players
Game mode
Random Map
Map size
Tiny (2 player)
Population
200
Speed
Normal
Resources
Standard
Victory
Conquest
Starting age
Dark Age
Ending age
Imperial Age
RankedLock teamsTeams togetherTeam positionsShared explorationLock speedFull tech treeHidden civsTurbo modeCheats
Victory
Defeat
🇺🇸 Franks · United States
1857
+10
🇺🇸 Teutons · United States
1728
-10
Gesius
8:27 Feudal Age
8:46 Loom
9:09 Double-Bit Axe
14:10 Fletching
Soccersmed
8:52 Feudal Age
9:02 Loom
9:38 Double-Bit Axe
10:48 Horse Collar
Connection lost

Rejoining the realm…

Still unreachable

The connection could not be restored.

Session expired

The server has moved on; the page needs a fresh start.